details: 'timg mata round 1'

« prev index next »

General information

Mini Map

Players

team 1
Random» OrcTIMG4STRok (gray | 149 APM | 1980 actions | 13:16)
Hero icon 4 Blademaster
Ability icon 2 Wind Walk
Ability icon 2 Critical Strike
Hero icon 3 Shadow Hunter
Ability icon 1 Hex
Ability icon 2 Healing Wave

» actions
Assign group hotkey23
Basic commands52
Build / train51
ESC pressed2
Enter build submenu11
Enter hero's abilities submenu7
Give item / drop item2
Right click934
Select / deselect186
Select group hotkey621
Use ability91
1980 total
» units
Peon8
Grunt6
Spirit Walker7
Raider5
Forest Troll Shadow Priest1
27 total
» upgrades
Berserker Strength1
Spirit Walker Training1
Ensnare1
Pillage1
4 total
» buildings
Altar of Storms1
Orc Burrow5
Barracks1
Stronghold1
Voodoo Lounge1
Spirit Lodge1
Beastiary1
11 total
» build order
00:03 Altar of Storms
00:12 Orc Burrow
00:42 Barracks
01:23 Orc Burrow
02:44 Stronghold
03:33 Orc Burrow
03:47 Voodoo Lounge
05:12 Spirit Lodge
06:14 Beastiary
06:17 Orc Burrow
08:40 Orc Burrow
» items
Circlet of Nobility1
Lesser Clarity Potion4
Healing Salve4
Scroll of Speed1
10 total
team 2
HumanMata. (green | 163 APM | 2159 actions | 13:15)
Hero icon 3 Archmage
Ability icon 2 Summon Water Elemental
Ability icon 1 Brilliance Aura
Hero icon 1 Mountain King
Ability icon 1 Storm Bolt

» actions
Assign group hotkey167
Basic commands41
Build / train41
Enter build submenu15
Enter hero's abilities submenu4
Right click904
Select / deselect449
Select group hotkey450
Use ability88
2159 total
» units
Peasant9
Footman4
Forest Troll Berserker1
Forest Troll Shadow Priest1
Priest4
Sorceress4
Ogre Mauler1
24 total
» upgrades
Sorceress Training1
1 total
» buildings
Altar of Kings1
Barracks1
Farm7
Scout Tower1
Keep1
Arcane Tower2
Arcane Sanctum2
Lumber Mill1
Castle1
17 total
» build order
00:08 Altar of Kings
00:17 Barracks
00:32 Farm
01:02 Farm
01:52 Farm
02:43 Scout Tower
02:52 Keep
03:15 Arcane Tower
03:15 Arcane Tower
03:40 Farm
05:15 Arcane Sanctum
05:20 Arcane Sanctum
06:33 Farm
07:15 Lumber Mill
08:25 Farm
08:54 Farm
11:35 Castle
» items
Scroll of Town Portal1
Potion of Lesser Invulnerability1
2 total
observers
iggy_the_fisk, 1st_Panzer_Div.